 Dungeon Crawl Stone Soup version 0.19-a0-929-g333bac9 (webtiles) character file.

166446 zervinho the Warrior (level 17, -8/252 HPs)
             Began as a Minotaur Berserker on July 6, 2016.
             Was the Champion of Trog.
             Mangled by zervinho's ghost (25 damage)
             ... on level 4 of the Snake Pit on July 7, 2016.
             The game lasted 01:32:59 (25657 turns).

zervinho the Warrior (Minotaur Berserker)          Turns: 25657, Time: 01:32:59

Health: -8/252     AC: 37    Str: 29    XL:     17   Next: 29%
Magic:  0/16       EV: 13    Int: 11    God:    Trog [******]
Gold:   2914       SH: 20    Dex: 19    Spells: 0 memorised, 16 levels left

rFire  . . .     SeeInvis .     V - +4 mace "Renyqean" {drain, Dex+2}
rCold  . . .     Gourm    .     n - +8 orange crystal plate armour {Archmagi, Int+3 Clar SustAt}
rNeg   . . .     Faith    .     z - +0 large shield
rPois  +         Spirit   .     Q - +1 hat {MR+}
rElec  .         Dismiss  .     (no cloak)
rCorr  .         Reflect  .     N - +1 pair of gloves of Benevolence {*Drain rPois Regen+ Stlth+}
SustAt +         Harm     .     (no boots)
MR     ++...     Clarity  +     f - amulet "Ucyfu" {+Rage Int+4}
Stlth  ..........               U - +3 ring of protection
                                i - ring of poison resistance

@: berserking (expiring), heavily drained, very quick, very resistant to hostile
enchantments, extremely unstealthy
A: retaliatory headbutt, horns 2, talons 1, icy blue scales 1, thin skeletal
structure 1, regeneration 1
a: Berserk, Trog's Hand, Brothers in Arms, Burn Spellbooks, Renounce Religion,
Evoke Berserk Rage


You were on level 4 of the Snake Pit.
You worshipped Trog.
Trog was exalted by your worship.
You were not hungry.

You visited 4 branches of the dungeon, and saw 27 of its levels.

You collected 3059 gold pieces.
You spent 145 gold pieces at shops.

Inventory:

Hand Weapons
 V - the +4 mace "Renyqean" (weapon) {drain, Dex+2}
   (You found it on level 11 of the Dungeon)

   A truly terrible weapon, it drains the life of those it strikes.
   It affects your dexterity (+2).
 X - a +5 great mace of protection
Missiles
 h - 5 poisoned tomahawks (quivered)
 E - 29 tomahawks
Armour
 n - the +8 orange crystal plate armour (worn) {Archmagi, Int+3 Clar SustAt}
   (You found it on level 11 of the Dungeon)

   It affects your intelligence (+3).
   It sustains your strength, intelligence and dexterity.
   It protects you against confusion.
 z - a +0 large shield (worn)
 N - the +1 pair of gloves of Benevolence (worn) {*Drain rPois Regen+ Stlth+}
   (You found it on level 10 of the Dungeon)

   It protects you from poison.
   It increases your rate of regeneration.
   It causes draining when unequipped.
   It makes you more stealthy.
 Q - a +1 hat of magic resistance (worn)
Jewellery
 f - the amulet "Ucyfu" (around neck) {+Rage Int+4}
   (You bought it in a shop on level 2 of the Orcish Mines)

   [amulet of rage]

   It affects your intelligence (+4).
   It lets you go berserk.
 i - a ring of poison resistance (left hand)
 r - an uncursed amulet of the gourmand
 v - an uncursed ring of flight
 U - a +3 ring of protection (right hand)
Wands
 a - a wand of teleportation (6/9)
 q - a wand of polymorph (11/24)
 s - a wand of acid (0/15)
 w - a wand of heal wounds (4/9)
 y - a wand of acid (7/15)
 B - a wand of digging (12/24)
 C - a wand of disintegration (0/24)
 W - a wand of teleportation (6/9)
Scrolls
 e - 2 scrolls of identify
 j - 3 scrolls of enchant weapon
 k - 4 scrolls of fear
 m - 4 scrolls of fog
 p - a scroll of teleportation
 u - 3 scrolls of magic mapping
 x - 2 scrolls of blinking
 I - 5 scrolls of remove curse
Potions
 b - 8 potions of curing
 o - a potion of haste
 t - 2 potions of cancellation
 D - 3 potions of ambrosia
 F - a potion of might
 G - 4 potions of brilliance
 O - 2 potions of flight
Comestibles
 c - 22 bread rations
 g - 5 chunks of flesh
 l - 12 slices of pizza
 A - 38 fruits
 H - 11 beef jerkies


   Skills:
 * Level 19.2(17.2) Fighting
 * Level 12.9(11.2) Maces & Flails
 + Level 14.1(12.4) Armour
 * Level 18.0(16.1) Dodging
 + Level 13.9(12.2) Shields


You had 16 spell levels left.
You didn't know any spells.

Dungeon Overview and Level Annotations

Branches:
Dungeon (15/15)            Temple (0/1) D:7            Lair (6/6) D:9
 Shoals (0/4) Lair:4        Snake (4/4) Lair:3        Slime (0/5) Lair:5
    Orc (2/2) D:10            Elf (0/3) Orc:2        Vaults (0/5) D:13
 Depths: D:15

Altars:
Dithmenos
Gozag
Makhleb
Okawaru
Pakellas
Yredelemnul
Jiyva

Shops:
D:10 %   Orc:2 *}[**   Snake:2 *   Snake:3 }

Portals:
Hell: Lair:6

Annotations:
Snake:4 zervinho's ghost, adept MiBe


Innate Abilities, Weirdness & Mutations

You reflexively headbutt those who attack you in melee.
You have a pair of horns on your head.
You have sharp toenails.
You are partially covered in icy blue scales. (AC +1)
You have a somewhat thin skeletal structure. (Dex +2, Stealth)
Your natural rate of healing is unusually fast.


Message History

Your kick misses zervinho's ghost.
You headbutt zervinho's ghost, but do no damage.
Zervinho's ghost is heavily damaged.
You block the shock serpent's attack.
Your deep troll bites zervinho's ghost.
Your deep troll claws zervinho's ghost but does no damage.
Your deep troll completely misses zervinho's ghost.
You miss zervinho's ghost.
You claw zervinho's ghost, but do no damage.
You headbutt zervinho's ghost, but do no damage.
Zervinho's ghost is heavily damaged.
You block the shock serpent's attack. Zervinho's ghost hits you!!
* * * LOW HITPOINT WARNING * * *
You feel your power leaking away.
Your deep troll closely misses zervinho's ghost.
Your deep troll claws zervinho's ghost.
Your deep troll misses zervinho's ghost.
You hit zervinho's ghost but do no damage.
Zervinho's ghost is heavily damaged.
You block the shock serpent's attack. Zervinho's ghost hits you!!
You die...

##.# #.##.##
#..####....######
#.##......).......
#.##.......N#####.
#...........#....
#....#.........#
#......#.))......#
#...####.)ST.#...#
#...##...)W@#####..
###........## )#
#........##
#........#
#?........
##########


You could see a naga warrior, a shock serpent, zervinho's ghost and a friendly
deep troll (berserk).

Vanquished Creatures
  Nikola (Snake:1)
  Kirke (Lair:6)
  Frances (D:13)
  4 greater nagas
  Maud (D:13)
  A fire giant (D:11)
  Wiglaf (Snake:2)
  Nessos (D:14)
  Azrael (D:13)
  2 entropy weavers (Lair:6)
  A dire elephant (Lair:6)
  The ghost of Etesian the Grappler, a journeyman DrTm of Okawaru (Lair:2)
  Josephine (D:10)
  Fannar (D:11)
  A fire dragon (D:11)
  5 hydras
  8 naga warriors
  A yaktaur captain (D:11)
  An ogre mage (D:11)
  An anaconda (shapeshifter) (D:11)
  A hell beast (Lair:6)
  7 anacondas
  A dancing weapon (D:13)
  11 death yaks (Lair:4)
  3 orc high priests (Orc:2)
  Nergalle (Lair:4)
  A queen ant (Lair:6)
  Urug (Lair:4)
  8 naga sharpshooters
  Sonja (D:11)
  6 shock serpents
  3 salamander mystics
  A wizard (Lair:6)
  8 naga ritualists
  5 hill giants
  A wolf spider zombie (D:11)
  5 orc knights
  10 mana vipers
  5 ugly things
  10 salamanders
  7 griffons
  3 orc sorcerers (Orc:2)
  2 cyclopes (D:11)
  2 manticores (Lair:4)
  3 guardian serpents
  33 black mambas
  7 spiny frogs
  10 naga magi
  2 orange demons (Lair:6)
  A torpor snail (Lair:6)
  A kobold demonologist (D:14)
  7 komodo dragons
  2 efreet
  4 ice devils (Lair:6)
  A hellwing (Lair:6)
  A red devil (Lair:6)
  A freezing wraith (D:14)
  6 rime drakes
  3 trolls
  A two-headed ogre (D:14)
  A polar bear (Lair:4)
  A giant leech (Lair:4)
  3 slime creatures (D:12)
  3 blink frogs (Lair:3)
  A shadow (D:14)
  2 spriggans (Lair:3)
  2 vampires (D:14)
  4 wraiths
  6 wyverns
  3 hogs (D:14)
  4 fire elementals (D:13)
  37 yaks
  A human (D:14)
  9 vampire mosquitoes
  A basilisk (Lair:4)
  11 hippogriffs
  A hippogriff (shapeshifter) (D:14)
  2 hungry ghosts
  4 wargs
  31 nagas
  20 soldier ants (Lair:6)
  8 water moccasins
  7 porcupines
  4 ice beasts
  5 hell hounds
  A swamp drake (D:10)
  7 sky beasts
  24 orc warriors
  2 eyes of draining
  4 necrophages
  A wasp (D:7)
  10 ogres
  4 phantoms
  19 wolves
  6 centaurs
  10 crocodiles
  A big kobold (D:9)
  12 giant frogs
  A wyvern zombie (D:13)
  A wyvern skeleton (D:11)
  7 scorpions
  6 killer bees
  3 wights (D:9)
  4 electric eels
  A howler monkey (D:6)
  2 crimson imps
  A giant frog zombie (D:11)
  4 centaur skeletons
  A quasit (D:14)
  2 centaur zombies
  20 orc wizards
  6 hounds
  10 orc priests
  5 jellies
  A giant frog skeleton (D:7)
  12 iguanas
  19 worker ants
  A hound zombie (D:11)
  A hound skeleton (D:5)
  2 worker ant zombies
  A howler monkey skeleton (D:11)
  37 river rats
  15 adders
  3 shadow imps
  12 white imps (Lair:3)
  2 oozes
  An adder zombie (D:7)
  A worm (D:3)
  2 dart slugs
  6 giant geckos
  56 orcs
  11 bats
  8 giant cockroaches
  5 goblins
  9 hobgoblins
  13 jackals
  15 kobolds
  8 quokkas
  A ball python (D:6)
  A giant gecko skeleton (D:4)
  A giant gecko zombie (D:6)
  5 giant newts
  A jackal skeleton (D:6)
  5 rats
  A fungus (Lair:6)
823 creatures vanquished.

Vanquished Creatures (collateral kills)
  An anaconda (Snake:2)
  A mana viper (Snake:2)
  A black mamba (Snake:2)
  A naga mage (Snake:4)
  2 guardian serpents (Snake:4)
  4 rime drakes (Lair:4)
  2 wyverns (Lair:4)
  2 hippogriffs (Lair:4)
  2 basilisks (Lair:4)
16 creatures vanquished.

Vanquished Creatures (others)
  A black mamba (Snake:2)
  3 humans (Lair:6)
  An eye of draining (D:10)
  A wolf (Lair:6)
  A crocodile (Lair:6)
  11 fungi
  7 plants
25 creatures vanquished.

Grand Total: 864 creatures vanquished

Notes
Turn   | Place    | Note
-------+----------+-------------------------------------------
     0 | D:1      | zervinho the Minotaur Berserker began the quest for the Orb.
     0 | D:1      | Reached XP level 1. HP: 19/19 MP: 0/0
   168 | D:1      | Reached XP level 2. HP: 26/26 MP: 1/1
   255 | D:1      | Reached skill level 5 in Maces & Flails
   294 | D:1      | Reached XP level 3. HP: 16/31 MP: 2/2
   501 | D:1      | Reached ** piety under Trog
   778 | D:2      | Reached XP level 4. HP: 37/39 MP: 3/3
  1241 | D:2      | Found an opulent altar of Gozag.
  1363 | D:3      | Found a faded altar of an unknown god.
  1406 | D:3      | Reached *** piety under Trog
  1561 | D:3      | Reached XP level 5. HP: 38/45 MP: 4/4
  1702 | D:4      | Noticed an ogre
  1706 | D:4      | Noticed a phantom
  1715 | D:4      | Killed an ogre
  1715 | D:4      | Reached XP level 6. HP: 45/51 MP: 5/5
  1730 | D:4      | Found an iron altar of Okawaru.
  1947 | D:4      | Reached XP level 7. HP: 50/57 MP: 6/6
  2246 | D:5      | Entered Level 5 of the Dungeon
  2288 | D:5      | Reached skill level 10 in Maces & Flails
  3085 | D:6      | Reached XP level 8. HP: 53/64 MP: 7/7
  3277 | D:6      | Found an oddly glowing altar of Pakellas.
  3277 | D:6      | Found an opulent altar of Gozag.
  3363 | D:6      | Reached **** piety under Trog
  3840 | D:7      | Reached skill level 4 in Fighting
  3840 | D:7      | Reached skill level 1 in Shields
  4265 | D:7      | Reached skill level 5 in Fighting
  4312 | D:7      | Found a staircase to the Ecumenical Temple.
  4414 | D:7      | Reached XP level 9. HP: 74/74 MP: 8/8
  4955 | D:8      | Reached skill level 5 in Dodging
  4957 | D:8      | Reached skill level 6 in Fighting
  5821 | D:9      | Found a staircase to the Lair.
  5836 | D:9      | Reached skill level 7 in Fighting
  6110 | D:9      | Reached skill level 5 in Armour
  6426 | D:9      | Reached ***** piety under Trog
  6612 | D:9      | Reached skill level 8 in Fighting
  6653 | D:9      | Reached XP level 10. HP: 84/88 MP: 9/9
  6892 | D:10     | Entered Level 10 of the Dungeon
  6901 | D:10     | Reached skill level 5 in Shields
  7510 | D:10     | Reached skill level 9 in Fighting
  8271 | D:10     | Got a pair of heavily runed gloves
  8277 | D:10     | Identified the +1 pair of gloves of Benevolence {*Drain rPois Regen+ Stlth+} (You found it on level 10 of the Dungeon)
  8540 | D:10     | Found Vonaum's Food Shop.
  8679 | D:10     | Found a staircase to the Orcish Mines.
  8753 | D:10     | Reached skill level 10 in Fighting
  8882 | Lair:1   | Entered Level 1 of the Lair of Beasts
  9164 | Lair:1   | Found a shadowy altar of Dithmenos.
  9207 | Lair:1   | Reached XP level 11. HP: 98/100 MP: 10/10
  9469 | Lair:1   | Got an encrusted scale mail
  9480 | Lair:1   | Identified the +0 scale mail of the Game of Kings {rC+} (You found it on level 1 of the Lair of Beasts)
  9512 | Lair:1   | Received a gift from Trog
  9766 | Lair:1   | Noticed a four-headed hydra
  9777 | Lair:1   | Killed a four-headed hydra
  9861 | Lair:2   | Noticed a griffon
  9874 | Lair:2   | Killed a griffon
  9874 | Lair:2   | Reached skill level 11 in Fighting
  9874 | Lair:2   | Reached skill level 10 in Dodging
  9898 | Lair:2   | Noticed Etesian's ghost (journeyman DrTm)
  9915 | Lair:2   | Killed Etesian's ghost
 10108 | Lair:2   | Noticed a griffon
 10118 | Lair:2   | Killed a griffon
 10635 | Lair:3   | Found a staircase to the Snake Pit.
 10651 | Lair:3   | Found a frozen archway.
 11056 | Lair:3   | Noticed an eight-headed hydra
 11073 | Lair:3   | Killed an eight-headed hydra
 11073 | Lair:3   | Reached skill level 12 in Fighting
 11073 | Lair:3   | Reached XP level 12. HP: 112/112 MP: 11/11
 11419 | Lair:4   | Reached ****** piety under Trog
 11674 | Lair:4   | Noticed Urug
 11675 | Lair:4   | Noticed an eight-headed hydra
 11692 | Lair:4   | Killed an eight-headed hydra
 11698 | Lair:4   | Killed Urug
 11827 | Lair:4   | Noticed an eight-headed hydra
 11831 | Lair:4   | an eight-headed hydra changed into a giant leech
 11870 | Lair:4   | Received a gift from Trog
 11918 | Lair:4   | Reached skill level 13 in Fighting
 12022 | Lair:4   | Found a staircase to the Shoals.
 12022 | Lair:4   | Noticed Nergalle
 12052 | Lair:4   | Killed Nergalle
 12273 | Lair:4   | Noticed a death yak
 12274 | Lair:4   | Noticed a death yak
 12275 | Lair:4   | Noticed a death yak
 12275 | Lair:4   | Noticed a death yak
 12276 | Lair:4   | Noticed a death yak
 12293 | Lair:4   | Killed a death yak
 12299 | Lair:4   | Killed a death yak
 12311 | Lair:4   | Killed a death yak
 12477 | Lair:4   | Killed a death yak
 12485 | Lair:4   | Killed a death yak
 12485 | Lair:4   | Reached skill level 10 in Armour
 12485 | Lair:4   | Reached XP level 13. HP: 101/123 MP: 12/12
 12694 | Lair:4   | Reached skill level 10 in Shields
 12699 | Lair:4   | Reached skill level 14 in Fighting
 13021 | Lair:5   | Found a staircase to the Slime Pits.
 13022 | Lair:5   | Found a viscous altar of Jiyva.
 13775 | Lair:6   | Entered Level 6 of the Lair of Beasts
 13821 | Lair:6   | Gained mutation: Your mind is acute. (Int +2) [potion of beneficial mutation]
 13823 | Lair:6   | Lost mutation: Your mind is acute. (Int +2) [potion of cure mutation]
 13827 | Lair:6   | Gained mutation: You have a somewhat thin skeletal structure. (Dex +2, Stealth) [potion of mutation]
 13827 | Lair:6   | Gained mutation: You are frail. (-10% HP) [potion of mutation]
 13827 | Lair:6   | Lost mutation: You are frail. (-10% HP) [potion of mutation]
 13829 | Lair:6   | Reached XP level 14. HP: 133/133 MP: 13/13
 13927 | Lair:6   | Reached skill level 15 in Fighting
 14123 | Lair:6   | Found a burning altar of Makhleb.
 14190 | Lair:6   | Found a gateway to Hell.
 14301 | Lair:6   | Received a gift from Trog
 14308 | Lair:6   | Noticed Kirke
 14320 | Lair:6   | Killed Kirke
 14345 | Lair:6   | Gained mutation: You are partially covered in icy blue scales. (AC +1) [potion of beneficial mutation]
 14346 | Lair:6   | Gained mutation: You have sharp toenails. [potion of beneficial mutation]
 14645 | Lair:6   | Received a gift from Trog
 14648 | Lair:6   | Noticed an entropy weaver
 14656 | Lair:6   | Killed an entropy weaver
 14711 | Lair:6   | Gained mutation: Your natural rate of healing is unusually fast. [potion of beneficial mutation]
 14776 | Lair:6   | Noticed an entropy weaver
 14796 | Lair:6   | Killed an entropy weaver
 15035 | Lair:6   | Reached XP level 15. HP: 125/143 MP: 14/14
 15194 | Orc:1    | Entered Level 1 of the Orcish Mines
 15200 | Orc:1    | Received a gift from Trog
 15359 | Orc:2    | Entered Level 2 of the Orcish Mines
 15385 | Orc:1    | Reached skill level 16 in Fighting
 15458 | Orc:2    | Found Sirolitwu's General Store.
 15633 | Orc:2    | Found a staircase to the Elven Halls.
 15635 | Orc:2    | Reached skill level 15 in Dodging
 16309 | Orc:2    | Received a gift from Trog
 16396 | Orc:2    | Found Geazoo's General Store.
 16396 | Orc:2    | Found Yfyoxuecs's Assorted Antiques.
 16398 | Orc:2    | Found Mairphowk's Antique Armour Boutique.
 16398 | Orc:2    | Found Ahen's Gadget Shoppe.
 16404 | Orc:2    | Bought a brightly glowing bronze amulet for 145 gold pieces
 16412 | Orc:2    | Identified the amulet "Ucyfu" {+Rage Int+4} (You bought it in a shop on level 2 of the Orcish Mines)
 16581 | D:11     | Noticed Sonja
 16593 | D:11     | Killed Sonja
 16603 | D:11     | Noticed Josephine
 16626 | D:10     | Killed Josephine
 16779 | D:11     | Noticed Fannar
 16795 | D:11     | Killed Fannar
 17094 | D:11     | Got a faintly glowing mace
 17095 | D:11     | Identified the +4 mace "Renyqean" {drain, Dex+2} (You found it on level 11 of the Dungeon)
 17347 | D:11     | Noticed a fire giant
 17358 | D:11     | Killed a fire giant
 17736 | D:12     | Reached skill level 17 in Fighting
 18101 | D:13     | Noticed Azrael
 18101 | D:13     | Noticed Frances
 18152 | D:12     | Received a gift from Trog
 18291 | D:13     | Found a gate to the Vaults.
 18371 | D:13     | Found an oddly glowing altar of Pakellas.
 18440 | D:13     | Killed Azrael
 18601 | D:13     | Noticed Maud
 18618 | D:13     | Killed Maud
 18731 | D:13     | Killed Frances
 19196 | D:14     | Noticed Nessos
 19213 | D:14     | Killed Nessos
 20242 | D:15     | Entered Level 15 of the Dungeon
 20290 | D:15     | Reached XP level 16. HP: 105/155 MP: 15/15
 20577 | Snake:1  | Entered Level 1 of the Snake Pit
 20762 | Snake:1  | Received a gift from Trog
 20988 | Snake:1  | Noticed Nikola
 21018 | Snake:1  | Killed Nikola
 21164 | Snake:1  | Reached skill level 18 in Fighting
 22213 | Snake:2  | Found Xeqewk's Assorted Antiques.
 22285 | Snake:2  | Received a gift from Trog
 22499 | Snake:2  | Upgraded the game from 0.19-a0-922-gae50766 to 0.19-a0-929-g333bac9
 22920 | Snake:2  | Noticed Wiglaf
 22954 | Snake:2  | Killed Wiglaf
 22954 | Snake:2  | Received a gift from Trog
 23756 | Snake:3  | Reached XP level 17. HP: 149/166 MP: 16/16
 23891 | Snake:3  | Found Luatarir's Gadget Shop.
 23938 | Snake:3  | Received a gift from Trog
 23946 | Snake:3  | Reached skill level 19 in Fighting
 24308 | Snake:3  | Noticed Mara
 24344 | Snake:3  | Noticed zervinho's illusion
 24733 | Snake:3  | Noticed zervinho's illusion
 25438 | Snake:4  | Entered Level 4 of the Snake Pit
 25533 | Snake:4  | Found a basalt altar of Yredelemnul.
 25627 | Snake:4  | Noticed zervinho's ghost (adept MiBe)
 25657 | Snake:4  | Mangled by zervinho's ghost

Vault maps used:
D:1:      dpeg_arrival_snail, corner_web_ring, kennysheep_minor_cross
D:2:      grunt_gozag_breadcrumbs
D:3:      ecumenical_altar_1
D:4:      first_bread, serial_forest, infiniplex_forest_corner_1,
          infiniplex_forest_side_room, infiniplex_forest_end_double,
          infiniplex_forest_clump_diagonal, infiniplex_forest_lined_3,
          infiniplex_forest_straight_4, infiniplex_forest_clump_large,
          minmay_ruined_shrine
D:6:      amethyst_overflow_temple_binary, hangedman_decor_peaks_small
D:7:      tgw_sif
D:8:      nicolae_overflow_hidden_temple
D:9:      lair_0_dummy
D:10:     erik_orc_1, serial_shops, shop_statue
D:11:     minmay_chopped_fan, uniq_josephine, uniq_fannar, uniq_sonja
D:13:     erik_vaults_1, serial_glass, glass_columns_a, glass_columns_a,
          grunt_pakellas_basics, uniq_azrael, uniq_frances, uniq_maud
D:14:     grunt_livestock, hangedman_decor_riveting, grunt_ministairs_2,
          uniq_nessos
D:15:     hangedman_depths_entry_civil_slaughter, nrook_mini_backslash
Lair:1:   basic_altar, minmay_holes, patterned_corridor
Lair:2:   serial_bayou_shore_b, serial_bayou_shore_a, lemuel_fruit_tree
Lair:3:   wad_woods_tower, guppyfry_snake_entry_island,
          portal_ice_cave_entry_imps
Lair:4:   minmay_shoals_entry_beasts, grunt_forest_large_clearings,
          grunt_megastairs_3, uniq_nergalle, uniq_urug
Lair:5:   slime_altar_1, serial_bayou_pond_c, lemuel_fruit_fields
Lair:6:   evil_forest, zaba_antful_of_joy, uniq_kirke
Snake:1:  uniq_nikola
Snake:2:  serial_shops, nicolae_shop_behind_doors, evilmike_ambush, uniq_wiglaf
Snake:3:  serial_shops, nicolae_shop_stone, special_room, uniq_mara
Snake:4:  grunt_snake_rune_serpentine_throne, basic_altar
Orc:1:    basic_altar
Orc:2:    grunt_orc_tribal_feast, serial_shops, shop

Skill      XL: |  1  2  3  4  5  6  7  8  9 10 11 12 13 14 15 16 17 |
---------------+----------------------------------------------------+-----
Maces & Flails | 4 5 6 8 9 11 12 | 12.9
Fighting       | 5 8 10 12 13 14 15 17 18 19 | 19.2
Shields        | 2 4 6 8 9 11 12 13 | 13.9
Armour         | 4 5 7 8 10 11 12 13 14 | 14.1
Dodging        | 4 7 9 11 12 13 14 16 17 18 | 18.0

Action                   |  1- 3 |  4- 6 |  7- 9 | 10-12 | 13-15 | 16-18 || total
-------------------------+-------+-------+-------+-------+-------+-------++-------
Melee: Mace              |    87 |   116 |   256 |       |   449 |   976 ||  1884
       Headbutt          |     5 |    22 |    78 |   150 |   370 |   319 ||   944
       Morningstar       |       |       |    78 |   637 |   616 |       ||  1331
       Kick              |       |       |       |       |   399 |   484 ||   883
       Great mace        |       |       |       |       |    90 |       ||    90
Throw: Tomahawk          |       |       |       |       |     3 |     6 ||     9
Invok: Berserk           |       |     1 |     3 |     6 |     7 |     5 ||    22
       Burn Spellbooks   |       |       |     2 |     1 |     1 |     1 ||     5
       Brothers in Arms  |       |       |       |     1 |       |     3 ||     4
       Trog's Hand       |       |       |       |     1 |       |       ||     1
Evoke: Wand              |       |       |       |    14 |     6 |       ||    20
  Use: Scroll            |       |     2 |     2 |    13 |    11 |     7 ||    35
       Potion            |       |       |       |     3 |    19 |     6 ||    28
 Stab: Paralysed         |       |       |       |     2 |       |       ||     2
       Distracted        |       |       |       |       |     1 |       ||     1
       Sleeping          |       |       |       |       |     1 |       ||     1
  Eat: Chunk             |       |     5 |    10 |    18 |    15 |     3 ||    51
       Beef jerky        |       |       |     1 |       |     1 |     1 ||     3
       Meat ration       |       |       |     2 |     1 |     4 |     2 ||     9
       Royal jelly       |       |       |       |       |       |     2 ||     2
       Fruit             |       |       |       |       |       |     6 ||     6
       Pizza             |       |       |       |       |       |     1 ||     1
Armor: Plate armour      |    67 |    83 |       |       |       |       ||   150
       Scale mail        |       |    14 |   112 |   221 |    30 |       ||   377
       Ice dragon armour |       |       |       |       |   200 |       ||   200
       Crystal plate arm |       |       |       |       |   171 |   394 ||   565
       Chain mail        |       |       |       |       |       |    25 ||    25
Dodge: Dodged            |    42 |    48 |    81 |   387 |   636 |   320 ||  1514
Block: Shield            |       |     2 |   136 |   390 |   660 |   369 ||  1557
       Large shield      |       |       |       |       |       |   418 ||   418
